 Dungeon Crawl Stone Soup version 0.25.0-11-g1f837a76a1 (webtiles) character file.

Game seed: 5774795453184450970

3607 Esekla the Cleaver (level 9, 0/81 HPs)
             Began as a Deep Dwarf Chaos Knight on June 26, 2020.
             Was a Follower of Makhleb.
             Killed from afar by an ogre mage (48 damage)
             ... with a crystal spear
             ... on level 8 of the Dungeon.
             The game lasted 00:50:03 (5747 turns).

Esekla the Cleaver (Deep Dwarf Chaos Knight)        Turns: 5747, Time: 00:50:04

Health: 0/81       AC: 16    Str: 24    XL:     9   Next: 86%
Magic:  6/6        EV: 13    Int: 10    God:    Makhleb [*.....]
Gold:   271        SH:  5    Dex: 14    Spells: 8/8 levels left

rFire    + . .     SeeInvis .   a - +1 hand axe (vamp)
rCold    + . .     Gourm    .   (no shield)
rNeg     . . .     Faith    .   p - +5 scale mail
rPois    .         Spirit   .   g - +0 helmet
rElec    .         Reflect  +   x - scarf {rC+ rF+}
rCorr    .         Harm     .   (no gloves)
MR       ++...                  F - +0 pair of boots (curse)
Stlth    +.........             l - amulet of reflection
HPRegen  0.00/turn              u - ring of protection from magic
MPRegen  0.10/turn              A - +6 ring of strength

@: lethally poisoned (0 -> -11), non-regenerating
A: damage resistance, heal wounds, blurry vision 2, dopey 1, sense surroundings
2, shaggy fur 1, no regeneration
a: Heal Wounds, Renounce Religion


You were on level 8 of the Dungeon.
You worshipped Makhleb.
Makhleb was aware of your devotion.
You were very hungry.

You visited 2 branches of the dungeon, and saw 9 of its levels.

You collected 285 gold pieces.
You spent 14 gold pieces at shops.

Inventory:

Hand Weapons
 a - a +1 vampiric hand axe (weapon)
 i - a +1 dagger of speed
 t - a +0 war axe
 y - a +0 spear
 z - a +1 battleaxe of freezing
 C - a +0 falchion of chaos
Missiles
 n - 9 boomerangs (quivered)
 v - 4 curare-tipped darts
 I - 3 javelins
Armour
 b - a +2 leather armour
 g - a +0 helmet (worn)
 k - a +1 robe of cold resistance
 o - a +2 robe of magic resistance
 p - a +5 scale mail (worn)
 s - a scarf of invisibility
 x - a scarf of resistance (worn)
 B - the +2 robe of Stoicism {rElec rF+ MR++ Dex-4}
   (You found it on level 7 of the Dungeon)

   It affects your dexterity (-4).
   It protects you from fire.
   It insulates you from electricity.
   It affects your resistance to hostile enchantments.
 F - a cursed +0 pair of boots (worn)
 L - +0 acid dragon scales
Jewellery
 l - an amulet of reflection (around neck)
 m - an uncursed ring of ice
 q - the amulet of Fanwouzui {Spirit rPois}
   (You found it on level 4 of the Dungeon)

   [amulet of guardian spirit]

   It causes incoming damage to be split between your health and magic.
   It protects you from poison.
 u - a ring of protection from magic (left hand)
 A - a +6 ring of strength (right hand)
Wands
 d - a wand of iceblast (19)
 r - a wand of digging (5)
 K - a wand of paralysis (10)
Scrolls
 f - 3 scrolls of teleportation
 h - 2 scrolls of enchant armour
 j - 2 scrolls of fear
 w - 3 scrolls of fog
 E - a scroll of magic mapping
 G - a scroll of amnesia
Potions
 e - 3 potions of curing
 D - a potion of flight
 H - a potion of mutation {unknown}
 J - a potion of haste
Comestibles
 c - 10 rations


   Skills:
 + Level 5.1 Fighting
 + Level 6.9 Long Blades
 * Level 8.8 Axes
 + Level 1.2 Throwing
 * Level 6.9 Armour
 * Level 5.8 Dodging
 + Level 2.7 Stealth


You had 8 spell levels left.
You didn't know any spells.
Your spell library was empty.

Dungeon Overview and Level Annotations

Branches:
Dungeon (8/15)             Temple (1/1) D:5
   Lair: D:8-11

Altars:
Ashenzari
Fedhas
Gozag
Kikubaaqudgha
Makhleb
Okawaru
Qazlal
Trog
Vehumet
Xom
Yredelemnul
Zin

Shops:
D:5 !


Innate Abilities, Weirdness & Mutations

You are resistant to damage.
You can heal yourself by infusing magical energy.
You passively map the area around you.
You do not regenerate.
Scrolls take you longer to read.
You are dopey. (Int -2)
You are covered in fur. (AC +1)


Message History

The ogre mage is heavily wounded.
You hit the wolf spider.
You feel better. The wolf spider barely misses you. The wolf spider bites you.
The ogre mage closely misses you. The wolf spider hits you!
The wolf spider bites you.
You are poisoned.
The wolf spider poisons you!
You hit the ogre mage but do no damage.
The ogre mage is heavily wounded.
You hit the wolf spider.
You feel very sick. You block the wolf spider's attack.
The wolf spider bites you. The ogre mage closely misses you.
You hit the ogre mage.
The ogre mage is heavily wounded.
You completely miss the wolf spider.
You feel sick. The wolf spider hits you!
The wolf spider bites you but does no damage.
The ogre mage gestures at you while chanting.
The crystal spear hits you!!!
Ouch! That really hurt!
You die...

* * *** , , , ,. ######*
* ,* * #..#* ##.#
#$$$$## * #..# #..#
...... , *,
,#..####..p##....# ..*
,*
#,#..........#8..8#... ,
#.#...................**
..#.#........+..sO..#
.............#.#@# .# ,
,#.<.........$#..# * ,,
#.##..##.......##,
#.##..##..........#
#......'..........#
,#.####...#..........#
.......รท............#
.......##############
.......#


You could see a wolf spider, an ogre mage (resistant) and a slave.

Vanquished Creatures
  Maggie (D:6)
  Grinder (D:5)
  Sigmund (D:2)
  A hungry ghost (D:8)
  Edmund (D:5)
  2 sky beasts (D:6)
  2 phantoms (D:4)
  A black bear (D:7)
  2 ogres
  3 centaurs
  8 bullfrogs
  Blork the orc (D:6)
  A scorpion (D:5)
  3 killer bees (D:7)
  5 wights (D:6)
  A howler monkey (D:4)
  2 crimson imps (D:6)
  2 centaur zombies (D:6)
  3 orc priests (D:7)
  2 hounds
  A jelly (D:7)
  An orc wizard (D:5)
  A centaur skeleton (D:7)
  Jessica (D:2)
  Natasha (thrice) (D:2 D:3)
  4 iguanas
  4 worker ants
  8 adders
  9 gnolls
  2 oozes
  An adder zombie (D:6)
  An adder skeleton (D:5)
  A worm (D:2)
  6 leopard geckos
  10 orcs
  3 ball pythons
  A giant cockroach (D:5)
  8 goblins
  8 hobgoblins
  8 jackals (D:2)
  4 kobolds
  4 quokkas
  5 bats
  5 frilled lizards
  6 rats
148 creatures vanquished.

Vanquished Creatures (collateral kills)
  An ogre (D:6)
1 creature vanquished.

Grand Total: 149 creatures vanquished

Notes
Turn   | Place    | Note
-------+----------+-------------------------------------------
     0 | D:1      | Esekla the Deep Dwarf Chaos Knight began the quest for the
                  | Orb.
     0 | D:1      | Reached XP level 1. HP: 20/20 MP: 1/1
    20 | D:2      | Noticed Jessica
    20 | D:2      | XOM: divination: detect items
    23 | D:2      | XOM: divination: detect creatures
    24 | D:2      | XOM: silly message
    26 | D:2      | Killed Jessica
    26 | D:2      | Reached XP level 2. HP: 24/27 MP: 2/2
    73 | D:2      | XOM: smoke on damage
    89 | D:2      | Reached XP level 3. HP: 30/34 MP: 3/3
   180 | D:1      | XOM: divination: detect items
   241 | D:2      | XOM: silly message
   244 | D:2      | Noticed Natasha
   251 | D:2      | XOM: silly message
   253 | D:2      | Killed Natasha
   253 | D:2      | Reached XP level 4. HP: 21/42 MP: 4/4
   301 | D:2      | Noticed Sigmund
   308 | D:2      | XOM: potion effect (haste)
   313 | D:2      | XOM: divination: magic mapping
   323 | D:2      | XOM: cast spell 'Olgreb's Toxic Radiance'
   334 | D:2      | Killed Sigmund
   334 | D:2      | Reached skill level 5 in Long Blades
   334 | D:2      | Reached XP level 5. HP: 28/49 MP: 4/4
   428 | D:3      | You fall into a shaft and drop 2 floors!
   428 | D:5      | Entered Level 5 of the Dungeon
   428 | D:5      | Found Uchoesm's Distillery.
   434 | D:5      | Bought a potion of degeneration for 14 gold pieces
   488 | D:5      | Reached XP level 6. HP: 33/57 MP: 5/5
   502 | D:5      | XOM: potion effect (brilliance)
   539 | D:5      | XOM: potion effect (stabbing)
   611 | D:4      | Found an iron altar of Okawaru.
   645 | D:4      | XOM: divination: detect creatures
   659 | D:4      | XOM: divination: detect creatures
   662 | D:4      | XOM: silly message
   682 | D:4      | Got a scorched iron amulet
   737 | D:4      | XOM: silly message
   741 | D:4      | XOM: cast spell 'Summon Small Mammal'
   753 | D:4      | Reached XP level 7. HP: 40/63 MP: 6/6
   792 | D:4      | XOM: potion effect (heal wounds)
   796 | D:4      | Identified the amulet of Fanwouzui {Spirit rPois} (You
                  | found it on level 4 of the Dungeon)
   800 | D:4      | XOM: god gift: scroll labeled GIFOMN FITO {god gift}
   803 | D:4      | XOM: scenery: create altars
   844 | D:4      | XOM: cleaving
   936 | D:3      | Found a radiant altar of Vehumet.
   968 | D:3      | XOM: give mutations
   968 | D:3      | Gained mutation: Your mind is acute. (Int +2) [Xom's
                  | mischief]
   968 | D:3      | Lost mutation: Your mind is acute. (Int +2) [Xom's
                  | mischief]
  1008 | D:3      | XOM: blink monster(s)
  1084 | D:4      | XOM: confusion
  1085 | D:4      | XOM: enchant monster (good)
  1107 | D:4      | Noticed a shapeshifter
  1107 | D:4      | a dart slug changed into a shapeshifter
  1107 | D:4      | Noticed a fire crab
  1107 | D:4      | a shapeshifter changed into a fire crab
  1111 | D:4      | Noticed a salamander
  1111 | D:4      | a fire crab changed into a salamander
  1118 | D:4      | Noticed a harpy
  1118 | D:4      | a salamander changed into a harpy
  1133 | D:4      | XOM: fog
  1188 | D:3      | XOM: god gift: scroll labeled WONOGOINTE {god gift}
  1262 | D:4      | Noticed a shapeshifter
  1262 | D:4      | a harpy changed into a shapeshifter
  1262 | D:4      | XOM: polymorph harpy -> shapeshifter
  1262 | D:4      | Noticed a spiny frog
  1262 | D:4      | a shapeshifter changed into a spiny frog
  1306 | D:4      | XOM: scenery: create altars
  1332 | D:4      | XOM: stat loss: -1 Str (15/16)
  1420 | D:4      | Reached skill level 1 in Stealth
  1430 | D:4      | XOM: summons friendly crimson imp
  1506 | D:5      | Noticed Grinder
  1573 | D:5      | Noticed Edmund
  1586 | D:5      | Killed Edmund
  1652 | D:6      | XOM: god gift: 17 sling bullets
  1716 | D:6      | XOM: divination: detect creatures
  1730 | D:6      | XOM: cast spell 'Alistair's Intoxication'
  1791 | D:6      | XOM: destruction
  1796 | D:6      | XOM: cast spell 'Summon Ice Beast'
  1819 | D:6      | XOM: destruction
  1838 | D:6      | XOM: cast spell 'Cause Fear'
  1928 | D:6      | XOM: cleaving
  1929 | D:6      | Reached skill level 5 in Armour
  1956 | D:6      | Reached skill level 1 in Axes
  1956 | D:6      | Reached XP level 8. HP: 16/72 MP: 5/5
  1976 | D:6      | XOM: summons 5 friendly demons
  1985 | D:7      | Reached skill level 1 in Throwing
  1991 | D:7      | Reached skill level 2 in Axes
  1997 | D:7      | Got a steaming robe
  2015 | D:6      | Identified the +2 robe of Stoicism {rElec rF+ MR++ Dex-4}
                  | (You found it on level 7 of the Dungeon)
  2042 | D:7      | Reached skill level 3 in Axes
  2048 | D:7      | XOM: give mutations
  2048 | D:7      | Gained mutation: You are dopey. (Int -2) [Xom's mischief]
  2048 | D:7      | Gained mutation: You are clumsy. (Dex -2) [Xom's mischief]
  2048 | D:7      | Lost mutation: You are clumsy. (Dex -2) [Xom's mischief]
  2048 | D:7      | Gained mutation: You are clumsy. (Dex -2) [Xom's mischief]
  2065 | D:7      | XOM: cast spell 'Alistair's Intoxication'
  2066 | D:7      | Reached skill level 4 in Axes
  2101 | D:7      | XOM: cast spell 'Metabolic Englaciation'
  2128 | D:6      | XOM: summons 5 friendly demons
  2131 | D:6      | Reached skill level 5 in Axes
  2164 | D:6      | XOM: summons friendly crimson imp
  2201 | D:6      | Noticed Blork the orc
  2219 | D:6      | Killed Blork the orc
  2248 | D:6      | XOM: scenery: 1 doors open
  2248 | D:6      | Noticed Maggie
  2249 | D:6      | XOM: enchant monster (good)
  2257 | D:6      | XOM: destruction
  2533 | D:5      | XOM: noise
  2588 | D:5      | XOM: stat loss: -1 Int (9/10)
  2605 | D:5      | Found a staircase to the Ecumenical Temple.
  2628 | Temple   | Entered the Ecumenical Temple
  2648 | Temple   | Fell from the grace of Xom
  2648 | Temple   | Became a worshipper of Makhleb the Destroyer
  2712 | D:5      | Killed Grinder
  2712 | D:5      | Reached skill level 6 in Axes
  2712 | D:5      | Gained mutation: You passively map the area around you.
                  | [Deep Dwarf growth]
  2712 | D:5      | Reached XP level 9. HP: 35/79 MP: 6/6
  2850 | D:3      | XOM: torment (22/79 hp)
  2908 | D:2      | Noticed Natasha
  2953 | D:3      | Killed Natasha
  2990 | D:2      | XOM: give mutations
  2990 | D:2      | Gained mutation: You are covered in fur. (AC +1) [Xom's
                  | mischief]
  2990 | D:2      | Gained mutation: Scrolls take you a little longer to read.
                  | [Xom's mischief]
  2990 | D:2      | Gained mutation: Scrolls take you longer to read. [Xom's
                  | mischief]
  2990 | D:2      | Lost mutation: You are clumsy. (Dex -2) [Xom's mischief]
  3000 | D:2      | Found an opulent altar of Gozag.
  3696 | D:2      | XOM: god gift: giant spiked club {god gift}
  3970 | D:2      | Reached * piety under Makhleb
  4084 | D:3      | Noticed Natasha
  4094 | D:3      | Killed Natasha
  4351 | D:4      | Noticed an orb spider
  4351 | D:4      | a porcupine changed into an orb spider
  4499 | D:5      | XOM: summons 8 hostile demons
  4765 | D:6      | Reached skill level 7 in Axes
  5104 | D:7      | Reached skill level 5 in Dodging
  5254 | D:7      | Reached skill level 5 in Fighting
  5287 | D:7      | Reached skill level 8 in Axes
  5623 | D:6      | Killed Maggie
  5736 | D:8      | Noticed an ogre mage
  5738 | D:8      | Noticed a wolf spider
  5738 | D:8      | XOM: enchant monster (bad)
  5747 | D:8      | Killed from afar by an ogre mage

Illustrated notes

Levels and vault maps discovered:
D:1:      sevenhm_arrival_forest_fort_small_3, layout_loops_ring,
          chequers_serial_rivers_small_3
D:2:      kennysheep_big_flooded_room, layout_loops_ring,
          nicolae_overflow_hidden_temple, chequers_arboretum, uniq_natasha,
          uniq_jessica, uniq_sigmund
D:3:      layout_loops_ring, vehumet_crystals, first_ration,
          serial_bayou_crossing
D:4:      layout_basic, overflow_temple_1_default
D:5:      layout_basic, minmay_temple_entry_sparse_star, serial_shops,
          nicolae_shop_statue_plus, serial_park_tiny_pond, uniq_grinder,
          uniq_edmund
D:6:      minmay_angry_zag, layout_basic, uniq_maggie, uniq_blork_the_orc
D:7:      layout_rooms
D:8:      layout_basic, old_standard_altar, lemuel_crystal_altar,
          jmf_multi_god_temple, uniq_pikel
Temple:   eino_wide_crystal_templ

Skill      XL: |  1  2  3  4  5  6  7  8  9 |
---------------+----------------------------+-----
Fighting       | 3 4 5 |  5.1
Long Blades    | 4 5 6 |  6.9
Armour         | 3 4 5 6 |  6.9
Dodging        | 2 3 4 5 |  5.8
Stealth        | 2 |  2.7
Axes           | 1 6 8 |  8.8
Throwing       | 1 |  1.2

Action                   |  1- 3 |  4- 6 |  7- 9 || total
-------------------------+-------+-------+-------++-------
Melee: Falchion          |    37 |   136 |   147 ||   320
       Battleaxe         |       |       |    81 ||    81
       Hand axe          |       |       |   361 ||   361
Throw: Boomerang         |       |     2 |    13 ||    15
       Dart              |       |       |     3 ||     3
 Abil: Heal Wounds       |       |     4 |    13 ||    17
Evoke: Wand              |       |       |     1 ||     1
  Use: Potion            |       |       |     4 ||     4
       Scroll            |       |       |    10 ||    10
 Stab: Sleeping          |       |       |     3 ||     3
       Confused          |       |       |     3 ||     3
       Petrifying        |       |       |     2 ||     2
       Distracted        |       |       |     1 ||     1
  Eat: Chunk             |       |       |    18 ||    18
Armor: Leather armour    |    14 |    36 |    35 ||    85
       Scale mail        |       |       |   183 ||   183
Dodge: Dodged            |    28 |    51 |   320 ||   399
Block: Other             |       |    27 |   141 ||   168
       Reflection        |       |     2 |       ||     2
       Rpst.: Falchion   |    10 |    10 |    19 ||    39
